 Dungeon Crawl Stone Soup version 0.32-a0-290-g598725c5f2 (webtiles) character file.

Game seed: 5619238646462837189

495598 cforsyth the Ruinous (level 26, -2/203 HPs)
             Began as a Djinni Hexslinger on Feb 14, 2024.
             Was the Champion of Nemelex Xobeh.
             Slain by a golden dragon (11 damage)
             ... on level 3 of the Depths.
             The game lasted 02:39:39 (63465 turns).

cforsyth the Ruinous (Djinni Hexslinger)           Turns: 63465, Time: 02:39:40

Health: -2/203     AC: 12    Str:  7    XL:     26   Next: 39%
Gold:   2839       EV: 26    Int: 31    God:    Nemelex Xobeh [******] SH: 12 Dex: 18

rFire   + + +        a - staff of the Endless Tales {rF+ rN+ Int+3 Conj Necro, !a}
rCold   + . .        y - +0 buckler {rC+}
rNeg    + . .        z - +2 robe "Eppuel" {+Inv rElec Stlth+}
rPois   ∞            L - +1 helmet {Int+3}
rElec   +            x - scarf {rC+ rF+}
rCorr   +            S - +0 pair of gloves {hurl}
SInv    +            (boots unavailable)
Will    ++...        p - amulet "Irru" {Reflect rF+ Regen+ MP+9 SH+5 SInv}
Stlth   +++          T - +4 ring of protection
HPRegen 1.33/turn    R - ring of resist corrosion
MPRegen 0.00/turn

%: reflection, infuse magic (-3 HP)
@: flying, studying 6 skills
A: sickness immunity, fire resistance 2, cold vulnerability 1, float, innate
caster, HP casting, extra vitality 1
}: 2/15 runes: serpentine, barnacled
a: Renounce Religion, Evoke Invisibility, Draw Escape, Draw Destruction, Draw
Summoning, Triple Draw, Deal Four, Stack Five


You were on level 3 of the Depths.
You worshipped Nemelex Xobeh.
Nemelex Xobeh was exalted by your worship.
You visited 8 branches of the dungeon, and saw 40 of its levels.
You also visited: Ossuary, Bailey, Ice Cave and Desolation.

You collected 5145 gold pieces.
You spent 2306 gold pieces at shops.


Innate Abilities, Weirdness & Mutations

You are immune to sickness and miasma.
You are immune to poison.
Your flesh is very heat resistant. (rF++)
You are vulnerable to cold. (rC-)
You float through the air rather than walking.
You learn spells naturally, not from books.
Your magical power is your life essence.
You have superior vitality. (+4 MHP)


   Skills:
 + Level 21.5 Fighting
 - Level 1.5 Ranged Weapons
 + Level 9.8 Armour
 - Level 22.3 Dodging
 - Level 12.0 Shields
 + Level 22.3 Spellcasting
 + Level 26.8 Conjurations
 + Level 22.3 Hexes
 + Level 22.3 Summonings
 + Level 22.3 Necromancy
 + Level 22.3 Translocations
 + Level 22.3 Fire Magic
 + Level 22.3 Ice Magic
 + Level 22.3 Air Magic
 + Level 22.3 Earth Magic
 + Level 22.3 Alchemy


You knew the following spells:

 Your Spells              Type           Power      Damage    Failure   Level
a - Scorch                Fire           100%       2d9       0%          2
b - Ignite Poison         Fire/Alch      100%       N/A       0%          4
c - Cause Fear            Hex            53%        N/A       0%          4
d - Death Channel         Necr           65%        N/A       1%          6
e - Conjure Ball Lightni  Conj/Air       68%        3x3d25    0%          6
f - Inner Flame           Hex/Fire       100%       N/A       0%          3
g - Enfeeble              Hex            53%        N/A       1%          7
m - Magic Dart            Conj           100%       1d8       0%          1
n - Dispel Undead         Necr           100%       3d31      0%          4
s - Monstrous Menagerie   Summ           53%        N/A       1%          7
z - Ozocubu's Refrigerat  Ice            53%        4d19      1%          7
B - Blink                 Tloc           100%       N/A       0%          2
R - Borgnjor's Revivific  Necr           65%        N/A       1%          8
S - Silence               Hex/Air        53%        N/A       0%          5
X - Jinxbite              Hex            100%       N/A       0%          2
Y - Sigil of Binding      Hex            100%       N/A       0%          3
Z - Dimensional Bullseye  Hex/Tloc       53%        N/A       0%          4
Your spell library was empty.

Inventory:

Armour
 x - a scarf of resistance (worn)
 y - a +0 buckler of cold resistance (worn)
 z - the +2 robe "Eppuel" (worn) {+Inv rElec Stlth+}
   (You bought it in a shop on level 2 of the Orcish Mines)

   rElec:     It insulates you from electricity.
   +Inv:      It lets you turn invisible.
   Stlth+:    It makes you more stealthy.
 L - a +1 helmet of intelligence (worn)
 S - a +0 pair of gloves of hurling (worn)
 U - a +0 cloak of willpower
 Z - the +4 robe of a bailey {rC++}
   (You took it off Boris on level 1 of the Vaults)

   rC++:      It greatly protects you from cold.
Magical Staves
 a - the staff of the Endless Tales (weapon) {rF+ rN+ Int+3 Conj Necro, !a}
   (You found it in the Desolation of Salt)

   [staff of death]

   Base accuracy: +5 Base damage: 5 Base attack delay: 1.2 This weapon's minimum
   attack delay (0.6) is reached at skill level 12.
   Int+3:     It affects your intelligence (+3).
   rF+:       It protects you from fire.
   rN+:       It protects you from negative energy.
   Conj:      It increases the power of your Conjurations spells.
   Necro:     It increases the power of your Necromancy spells.
   It falls into the 'Staves' category.
   It is a one-handed weapon.
Jewellery
 c - a ring of protection from cold
 p - the amulet "Irru" (around neck) {Reflect rF+ Regen+ MP+9 SH+5 SInv}
   (You found it in the Desolation of Salt)

   [amulet of reflection]

   Reflect:   It reflects blocked missile attacks.
   rF+:       It protects you from fire.
   MP+9:      It affects your magic capacity (+9).
   SInv:      It lets you see invisible.
   Regen+:    It increases your rate of health regeneration.
   SH+5:      It affects your SH (+5).
 C - a ring of ice
 E - the ring of Venul {Fly rPois Will- AC+4 Str+3}
   (You found it in the Desolation of Salt)

   [ring of protection]

   AC+4:      It affects your AC (+4).
   Str+3:     It affects your strength (+3).
   rPois:     It protects you from poison Will-: It decreases your willpower.
   Fly:       It grants you flight.
 F - a ring of protection from fire
 I - a +6 ring of intelligence
 R - a ring of resist corrosion (right hand)
 T - a +4 ring of protection (left hand)
Wands
 q - a wand of flame (72)
 u - a wand of digging (22)
 A - a wand of light (16)
 Q - a wand of mindburst (27)
 V - a wand of iceblast (24)
 W - a wand of charming (29)
Scrolls
 b - 7 scrolls of poison
 d - 7 scrolls of fear
 e - 6 scrolls of noise
 f - 15 scrolls of teleportation {@r2}
 h - 6 scrolls of fog
 i - 6 scrolls of immolation
 r - 3 scrolls of enchant weapon
 s - 10 scrolls of vulnerability
 B - 6 scrolls of enchant armour
 D - 3 scrolls of butterflies
 H - 5 scrolls of blinking
 M - 2 scrolls of silence {!r}
 P - 4 scrolls of revelation
 X - a scroll of torment
Potions
 g - 5 potions of berserk rage {!q}
 j - 12 potions of attraction
 k - 9 potions of haste {@q3}
 l - 24 potions of curing {@q1}
 m - 2 potions of ambrosia
 n - 8 potions of brilliance
 o - 9 potions of might
 t - 6 potions of lignification
 v - 3 potions of cancellation
 w - 6 potions of invisibility
 G - 3 potions of heal wounds {@q2}
 J - 6 potions of mutation
 O - a potion of resistance
 Y - 2 potions of enlightenment
Miscellaneous
 K - a condenser vane
 N - a box of beasts

Dungeon Overview and Level Annotations

Branches:
Dungeon (15/15)            Temple (0/1) D:4            Lair (5/5) D:11
 Shoals (4/4) Lair:3        Snake (4/4) Lair:3        Slime (0/5) Lair:4
    Orc (2/2) D:11            Elf (3/3) Orc:2        Vaults (4/5) D:14
  Crypt (0/3) Vaults:3     Depths (3/4) D:15        Ossuary (visited)
 Bailey (visited)           IceCv (visited)         Desolation (visited)

Altars:
Dithmenos
Elyvilon
Gozag
Nemelex Xobeh
Trog
Xom
Yredelemnul
Zin
The Shining One
Beogh
Jiyva

Shops:
D:1 (   D:4 ?=   D:6 (   Orc:2 ([[*   Elf:1 ((*   Shoals:2 [   Shoals:3 *
Snake:2 *!([!   Snake:3 [(!=   Vaults:1 [   Vaults:2 !!:   Vaults:3 !

Portals:
Hell: Depths:1 Depths:2
Abyss: Snake:3 Depths:3
Pandemonium: Depths:2
Ziggurat: Depths:1
Trove: Vaults:2 (give 15 scrolls of teleportation)

Annotations:
Elf:2 8 runed translucent doors
Vaults:4 2 transporters, 1 runed translucent door, Onkach's ghost, adept DjEn
Depths:2 1 transporter
Depths:3 1 transporter

#.#... ... +
+...#......##
#.....#.....##
#.......#....#
#............#
#...........+
#....#.....##
+..D@.#.....#+##
#..D...........+
##'#.....#.....##
..[##.....#.....#+###
!...▓
#...~~.#........#
▓▓).▓
##..~≈~.#........ ▓▓▓
##.~~~..........
#..............
###.....#......


You could see 2 golden dragons.


Message History

Casting: Ozocubu's Refrigeration (mildly dangerous; 1% risk of failure)
Confirm with . or Enter, or press ? or * to list all spells.
The heat is drained from your surroundings.
The golden dragon resists.
The golden dragon is almost dead.
The golden dragon resists.
The golden dragon is almost dead.
* * * LOW HITPOINT WARNING * * *
The golden dragon bites you!!
* * * LOW HITPOINT WARNING * * *
The golden dragon claws you!
* * * LOW HITPOINT WARNING * * *
The golden dragon completely misses you.
Casting: Ozocubu's Refrigeration (mildly dangerous; 1% risk of failure)
Confirm with . or Enter, or press ? or * to list all spells.
The heat is drained from your surroundings.
The golden dragon resists.
The golden dragon is almost dead.
The golden dragon resists.
The golden dragon is almost dead.
* * * LOW HITPOINT WARNING * * *
The golden dragon bites you.
* * * LOW HITPOINT WARNING * * *
The golden dragon completely misses you.
The golden dragon tramples you but does no damage.
The golden dragon bites you!!
* * * LOW HITPOINT WARNING * * *
You block the golden dragon's attack. The golden dragon tramples you!
You die...
Your body glows with a rainbow of weird colours and disappears.

Skill      XL: |  1  2  3  4  5  6  7  8  9 10 11 12 13 14 15 16 17 18 19 20 21 22 23 24 25 26 |
---------------+-------------------------------------------------------------------------------+-----
Spellcasting   | 3 4 5 6 7 9 10 11 12 13 14 15 16 17 18 19 20 21 22 | 22.3
Conjurations   | 3 4 5 6 7 9 10 11 12 13 14 15 17 19 20 22 24 25 26 | 26.8
Hexes          | 3 4 5 6 7 9 10 11 12 13 14 15 16 17 18 19 20 21 22 | 22.3
Summonings     | 3 4 5 6 7 9 10 11 12 13 14 15 16 17 18 19 20 21 22 | 22.3
Necromancy     | 3 4 5 6 7 9 10 11 12 13 14 15 16 17 18 19 20 21 22 | 22.3
Translocations | 3 4 5 6 7 9 10 11 12 13 14 15 16 17 18 19 20 21 22 | 22.3
Fire Magic     | 3 4 5 6 7 9 10 11 12 13 14 15 16 17 18 19 20 21 22 | 22.3
Ice Magic      | 3 4 5 6 7 9 10 11 12 13 14 15 16 17 18 19 20 21 22 | 22.3
Air Magic      | 3 4 5 6 7 9 10 11 12 13 14 15 16 17 18 19 20 21 22 | 22.3
Earth Magic    | 3 4 5 6 7 9 10 11 12 13 14 15 16 17 18 19 20 21 22 | 22.3
Alchemy        | 3 4 5 6 7 9 10 11 12 13 14 15 16 17 18 19 20 21 22 | 22.3
Fighting       | 2 3 4 5 6 7 9 11 13 14 16 17 19 20 21 | 21.5
Shields        | 5 7 8 10 12 | 12.0
Dodging        | 6 8 10 12 14 17 19 21 22 | 22.3
Armour         | 4 8 9 |  9.8
Ranged Weapons | |  1.5

Action                     |  1- 3 |  4- 6 |  7- 9 | 10-12 | 13-15 | 16-18 | 19-21 | 22-24 | 25-27 || total
---------------------------+-------+-------+-------+-------+-------+-------+-------+-------+-------++-------
  Melee: Unarmed           |       |       |       |     1 |     1 |       |       |       |       ||     2
         Dagger            |       |       |       |       |     2 |     4 |       |       |       ||     6
         Staff             |       |       |       |       |       |       |       |     5 |       ||     5
   Fire: Sling             |    58 |     1 |       |     1 |       |       |       |       |       ||    60
   Cast: Magic Dart        |    29 |    75 |   257 |   311 |   417 |    96 |       |       |       ||  1185
         Inner Flame       |       |    26 |    62 |   161 |   315 |   160 |    49 |    16 |    15 ||   804
         Scorch            |       |     2 |    25 |   120 |   353 |    73 |       |    42 |    58 ||   673
         Cause Fear        |       |       |       |    12 |    47 |     6 |     2 |     3 |     5 ||    75
         Blink             |       |       |       |     1 |     1 |       |     1 |       |       ||     3
         Sigil of Binding  |       |       |       |       |     1 |       |       |       |       ||     1
         Death Channel     |       |       |       |       |     1 |       |       |       |       ||     1
         Ozocubu's Refrige |       |       |       |       |       |   182 |   636 |   674 |   386 ||  1878
         Conjure Ball Ligh |       |       |       |       |       |       |    16 |       |       ||    16
         Monstrous Menager |       |       |       |       |       |       |       |    41 |    19 ||    60
         Dispel Undead     |       |       |       |       |       |       |       |       |    19 ||    19
 Invoke: Draw Summoning    |       |       |       |       |       |       |       |    10 |       ||    10
         Draw Escape       |       |       |       |       |       |       |       |     2 |       ||     2
         Draw Destruction  |       |       |       |       |       |       |       |     1 |       ||     1
  Evoke: Wand              |       |       |       |       |     3 |       |       |       |       ||     3
    Use: Scroll            |       |       |    11 |     6 |     8 |     3 |     8 |     1 |     1 ||    38
         Potion            |       |       |       |     1 |     2 |     2 |     3 |     4 |       ||    12
 Armour: Robe              |    25 |    12 |    74 |   169 |   633 |   218 |    95 |   110 |   122 ||  1458
  Dodge: Dodged            |    32 |    11 |    48 |    91 |   281 |   100 |    50 |   132 |    92 ||   837
  Block: Buckler           |       |       |       |     1 |   184 |    58 |    31 |    87 |    66 ||   427
         Reflection        |       |       |       |       |       |       |       |    16 |     7 ||    23

Levels and vault maps discovered:
D:1:      minmay_arrival_up_and_down, layout_basic, serial_shops,
          nicolae_shop_tiny_glass, shapermc_ecumenical_altar_flowoftime,
          hangedman_decor_clover_reticule
D:2:      layout_loops_corners, basic_altar, uniq_jessica
D:3:      layout_basic, uniq_grinder
D:4:      layout_cave_pools, kennysheep_ying_yang, temple_statues, serial_shops,
          shop, minmay_shop_enchanted_jewellery, minmay_bisected, uniq_sigmund,
          uniq_blork_the_orc
D:5:      layout_loops_cross, chequers_serial_rivers_room_a, minmay_manual_mess
D:6:      layout_loops_ring, nicolae_ossuary_entry_false_entrances,
          serial_shops, shop, gammafunk_ghost_gnarly_gnolls
D:7:      layout_cave_pods, uniq_duvessa, uniq_menkaure, uniq_prince_ribbit1
D:8:      layout_loops_cross, enter_bailey_1, uniq_amaemon
D:9:      layout_loops_ring, uniq_jeremiah
D:10:     layout_big_octagon
D:11:     minmay_clustersquares, layout_cave_pools, dpeg_oklobed_lair,
          orc_0_dummy, nemelex_xobeh_ov_fountains_minmay
D:12:     layout_stronghold, portal_ice_cave_entry_ice_simulacra,
          amcnicky_mini_rare_corridor_liquid, regret_index_xom_of_box
D:13:     layout_loops_cross, minmay_fountain_box
D:14:     layout_cave_pods, hangedman_vaults_entry_quadrant_bands,
          hangedman_decor_diamond_cutter, minmay_diamond_spiral, uniq_roxanne
D:15:     hangedman_depths_entry_civil_slaughter, layout_loops_ring,
          vehumet_crystals, uniq_nessos, uniq_rupert
Lair:1:   layout_roguey, minmay_hedge_maze, grunt_forest_stairs_basic,
          serial_bayou_shore_a, grunt_megastairs_2, serial_bayou_shore_b
Lair:2:   wad_woods_stonehenge, layout_layer_cave,
          nicolae_quartered_pool_little, chequers_serial_rivers_small_b,
          lemuel_fruit_tree
Lair:3:   layout_loops_ring, elwin_shoals_entry_rocks,
          minmay_snake_entry_spellcaster, st_stairs_4, minivault_27
Lair:4:   layout_roguey, dpeg_slime_entry_corner, gammafunk_lair_bear_cave
Lair:5:   hangedman_lair_caniforms_friends, layout_loops_ring,
          hangedman_lair_tendril_chambers, gammafunk_ghost_ooze,
          serial_bayou_shore_b, infiniplex_staircase_pool
Shoals:1: layout_shoals, nicolae_shoals_gull_way
Shoals:2: layout_shoals, serial_shops, shop
Shoals:3: layout_shoals, serial_shops, shop_fountains, ebering_ghost_gozag
Shoals:4: shoals_end_hellmonk_holy_island
Snake:1:  layout_grid_maze, grunt_ministairs_2
Snake:2:  layout_grid_maze, serial_shops, shop, shop, shop, shop, shop,
          uniq_aizul, uniq_vashnia
Snake:3:  layout_chambers, gammafunk_ghost_abyssal_escape, serial_shops, shop,
          special_room, minmay_shop_star, serial_bayou_shore_b
Snake:4:  grunt_snake_rune_pools, layout_cave_pods, ebering_ghost_inner_flame,
          serial_library_hellmonk_filled_rooms, uniq_asterion
Orc:1:    layout_caves, uniq_urug, uniq_jorgrun
Orc:2:    grunt_orc_community_town_hall, layout_diamond_mine,
          grunt_orc_community_big_house_2, grunt_orc_community_big_house_1,
          grunt_orc_community_house_3, grunt_orc_community_house_3,
          grunt_orc_community_house_2, grunt_orc_community_house_3, basic_altar
Elf:1:    nicolae_elf_arrival_no_cutting_in_line, layout_loops_corners,
          serial_shops, shop, shop, shop, minivault_28, guppyfry_library_mini,
          lemuel_upstairs_altar, uniq_azrael, uniq_nikola
Elf:2:    elven_hall_of_blades_hangedman_alternative [grunt_blade_entry_basic],
          layout_loops_cross, nicolae_elf_hall_of_bonks
Elf:3:    minmay_elf_hall_hex, layout_geoelf_grid
Vaults:1: grunt_vaults_funnel, vaults_mumra_chevron, v_misc_33,
          nicolae_vaults_big_ls, vaults_room_corners, vaults_room_pools,
          v_pattern_3, nicolae_vaults_little_squares_3, hangedman_vaults_pinch,
          vaults_dpeg_encased_lava, nicolae_vaults_storage_room_statues,
          layout_vaults_omnicross, serial_shops, nicolae_shop_stone, uniq_boris
Vaults:2: dpeg_vaults_waves, v_misc_15, nicolae_vaults_storage_closets_2,
          hangedman_vaults_capsules, v_pattern_2,
          nicolae_vaults_trapezoid_lopsided_3, nicolae_vaults_closet_pinwheel_5,
          nicolae_vaults_little_squares_5, v_misc_25,
          nicolae_vaults_windows_and_doors_thing, nicolae_vaults_house_1,
          nicolae_vaults_shrinking_rooms_1, layout_vaults_omnibox, serial_shops,
          shop, shop, shop, enter_trove_5, uniq_frederick
Vaults:3: portal_desolation_entry_nicolae_slug, minmay_crypt_entry_simple_box,
          nicolae_vaults_offset_grid_hallway_1, vaults_mumra_lcd,
          nicolae_vaults_steering_wheel, hangedman_vaults_variations,
          nicolae_vaults_library_corner, nicolae_vaults_trapezoid_3,
          nicolae_vaults_little_ls, nicolae_vaults_little_squares_1,
          nicolae_vaults_frosty_reception, layout_vaults_chaotic_city,
          serial_shops, shop
Vaults:4: hellmonk_ghost_happy_afterlife, nicolae_vaults_specimen_jars,
          nicolae_vaults_tetromino_L_2, gammafunk_its_a_trap,
          nicolae_vaults_surprise_closet, nicolae_vaults_yaktaur_gun_rack,
          nicolae_vaults_diamond_1, vaults_standard_mumra_enter_the_diamond,
          nicolae_vaults_storage_room_doors, v_pattern_1, vaults_dpeg_spiral,
          nicolae_vaults_rhombus_6, layout_vaults_maze_snakey
Depths:1: layout_cave_shapes, enter_ziggurat_f, minmay_misc_feat_four_crosses,
          lightli_too_deep, minmay_liquid_box, minmay_fractal_squares_gapless_7
Depths:2: gammafunk_corrupted_shrine, layout_honeycomb, rand_demon_pan_entry_3,
          pf_hell_entry_tar_spiral, lemuel_crystal_altar, serial_bayou_pond_e,
          nicolae_dithmenos_shadow_blocks
Depths:3: hangedman_spin_cycle, hell_entry, abyss_entry

Notes
Turn   | Place    | Note
-------+----------+-------------------------------------------
     0 | D:1      | cforsyth the Djinni Hexslinger began the quest for the Orb.
     0 | D:1      | cforsyth set off with the following spells memorised:
                  | Jinxbite, Sigil of Binding, Inner Flame, Cause Fear,
                  | Dimensional Bullseye.
     0 | D:1      | Reached XP level 1. HP: 17/17 MP: 0/0
    72 | D:1      | Reached XP level 2. HP: 22/22 MP: 0/0
   132 | D:1      | Reached skill level 3 in Spellcasting
   132 | D:1      | Reached skill level 3 in Conjurations
   132 | D:1      | Reached skill level 3 in Hexes
   132 | D:1      | Reached skill level 3 in Summonings
   132 | D:1      | Reached skill level 3 in Necromancy
   132 | D:1      | Reached skill level 3 in Translocations
   132 | D:1      | Reached skill level 3 in Fire Magic
   132 | D:1      | Reached skill level 3 in Ice Magic
   132 | D:1      | Reached skill level 3 in Air Magic
   132 | D:1      | Reached skill level 3 in Earth Magic
   132 | D:1      | Reached skill level 3 in Alchemy
   182 | D:1      | Reached skill level 2 in Fighting
   182 | D:1      | Reached XP level 3. HP: 28/28 MP: 0/0
   182 | D:1      | Learned a level 1 spell: Magic Dart
   230 | D:1      | Found a faded altar of an unknown god.
   267 | D:1      | Prayed at the altar of an unknown god.
   267 | D:1      | Became a worshipper of Nemelex Xobeh the Trickster
   267 | D:1      | Reached * piety under Nemelex Xobeh
   283 | D:1      | Found Acoydeho's Antique Weapon Shoppe.
   371 | D:1      | HP: 2/29 [jackal (2)]
  1017 | D:1      | Reached XP level 4. HP: 25/34 MP: 0/0
  1190 | D:2      | Received a gift from Nemelex Xobeh
  1310 | D:2      | Found a basalt altar of Yredelemnul.
  1407 | D:2      | Noticed an ogre
  1412 | D:2      | Killed an ogre
  1413 | D:2      | Reached skill level 3 in Fighting
  1413 | D:2      | Reached XP level 5. HP: 24/40 MP: 0/0
  1413 | D:2      | Learned a level 2 spell: Scorch
  2128 | D:2      | Noticed Jessica
  2132 | D:2      | Killed Jessica
  2133 | D:2      | Reached skill level 4 in Fighting
  2133 | D:2      | Reached skill level 4 in Spellcasting
  2133 | D:2      | Reached skill level 4 in Conjurations
  2133 | D:2      | Reached skill level 4 in Hexes
  2133 | D:2      | Reached skill level 4 in Summonings
  2133 | D:2      | Reached skill level 4 in Necromancy
  2133 | D:2      | Reached skill level 4 in Translocations
  2133 | D:2      | Reached skill level 4 in Fire Magic
  2133 | D:2      | Reached skill level 4 in Ice Magic
  2133 | D:2      | Reached skill level 4 in Air Magic
  2133 | D:2      | Reached skill level 4 in Earth Magic
  2133 | D:2      | Reached skill level 4 in Alchemy
  2133 | D:2      | Reached XP level 6. HP: 40/47 MP: 0/0
  2672 | D:3      | Reached ** piety under Nemelex Xobeh
  2731 | D:3      | Noticed Grinder
  2736 | D:3      | Killed Grinder
  2737 | D:3      | Reached skill level 5 in Fighting
  2737 | D:3      | Reached XP level 7. HP: 34/54 MP: 0/0
  2737 | D:3      | Learned a level 2 spell: Blink
  3251 | D:3      | Received a gift from Nemelex Xobeh
  3681 | D:4      | Noticed Sigmund
  3684 | D:4      | Killed Sigmund
  3685 | D:4      | Reached skill level 5 in Spellcasting
  3685 | D:4      | Reached skill level 5 in Conjurations
  3685 | D:4      | Reached skill level 5 in Hexes
  3685 | D:4      | Reached skill level 5 in Summonings
  3685 | D:4      | Reached skill level 5 in Necromancy
  3685 | D:4      | Reached skill level 5 in Translocations
  3685 | D:4      | Reached skill level 5 in Fire Magic
  3685 | D:4      | Reached skill level 5 in Ice Magic
  3685 | D:4      | Reached skill level 5 in Air Magic
  3685 | D:4      | Reached skill level 5 in Earth Magic
  3685 | D:4      | Reached skill level 5 in Alchemy
  3843 | D:4      | Noticed Blork the orc
  4004 | D:4      | Reached skill level 6 in Fighting
  4004 | D:4      | Reached XP level 8. HP: 50/61 MP: 0/0
  4111 | D:4      | Found Sirrux's Jewellery Shoppe.
  4142 | D:4      | Killed Blork the orc
  4200 | D:4      | Reached *** piety under Nemelex Xobeh
  4271 | D:4      | Found a staircase to the Ecumenical Temple.
  4281 | D:4      | Received a gift from Nemelex Xobeh
  4298 | D:4      | Reached skill level 7 in Fighting
  4394 | D:4      | Found Zoepash's Magic Scroll Emporium.
  4402 | D:4      | Bought a scroll of revelation for 90 gold pieces
  4402 | D:4      | Bought a scroll of identify for 24 gold pieces
  4402 | D:4      | Bought a scroll of identify for 24 gold pieces
  4402 | D:4      | Bought a scroll of identify for 24 gold pieces
  4426 | D:4      | Found a basalt altar of Yredelemnul.
  4497 | D:4      | Found a white marble altar of Elyvilon.
  4502 | D:4      | Received a gift from Nemelex Xobeh
  4633 | D:5      | Entered Level 5 of the Dungeon
  4752 | D:5      | Reached skill level 6 in Spellcasting
  4752 | D:5      | Reached skill level 6 in Conjurations
  4752 | D:5      | Reached skill level 6 in Hexes
  4752 | D:5      | Reached skill level 6 in Summonings
  4752 | D:5      | Reached skill level 6 in Necromancy
  4752 | D:5      | Reached skill level 6 in Translocations
  4752 | D:5      | Reached skill level 6 in Fire Magic
  4752 | D:5      | Reached skill level 6 in Ice Magic
  4752 | D:5      | Reached skill level 6 in Air Magic
  4752 | D:5      | Reached skill level 6 in Earth Magic
  4752 | D:5      | Reached skill level 6 in Alchemy
  4779 | D:5      | Noticed a kobold demonologist
  4790 | D:5      | Noticed a wyvern
  4794 | D:5      | Killed a wyvern
  4795 | D:5      | Reached XP level 9. HP: 49/69 MP: 0/0
  4795 | D:5      | Learned a level 4 spell: Dispel Undead
  4844 | D:5      | Killed a kobold demonologist
  4845 | D:5      | Reached skill level 8 in Fighting
  5039 | D:5      | Reached skill level 7 in Spellcasting
  5039 | D:5      | Reached skill level 7 in Conjurations
  5039 | D:5      | Reached skill level 7 in Hexes
  5039 | D:5      | Reached skill level 7 in Summonings
  5039 | D:5      | Reached skill level 7 in Necromancy
  5039 | D:5      | Reached skill level 7 in Translocations
  5039 | D:5      | Reached skill level 7 in Fire Magic
  5039 | D:5      | Reached skill level 7 in Ice Magic
  5039 | D:5      | Reached skill level 7 in Air Magic
  5039 | D:5      | Reached skill level 7 in Earth Magic
  5039 | D:5      | Reached skill level 7 in Alchemy
  5152 | D:5      | Reached **** piety under Nemelex Xobeh
  5522 | D:6      | Received a gift from Nemelex Xobeh
  5524 | D:6      | Found Ykhed's Antique Weapon Boutique.
  5558 | D:6      | Found a sand-covered staircase.
  5565 | Ossuary  | Entered an ossuary
  5739 | Ossuary  | Reached skill level 9 in Fighting
  6080 | D:6      | Found a transporter.
  6121 | D:6      | Identified the amulet "Esilo" {Reflect Rampage rN+ Dex-4
                  | SH+5 Stlth+}
  6180 | D:6      | Reached XP level 10. HP: 69/78 MP: 0/0
  6231 | D:6      | Received a gift from Nemelex Xobeh
  6284 | D:6      | Reached skill level 10 in Fighting
  6507 | D:6      | Noticed jamsaran's ghost (novice DgFE)
  6519 | D:6      | Identified the +0 ring mail of Vehumet's Fury {rC++}
  6529 | D:6      | Found a transporter.
  6593 | D:6      | Reached skill level 8 in Spellcasting
  6593 | D:6      | Reached skill level 8 in Conjurations
  6593 | D:6      | Reached skill level 8 in Hexes
  6593 | D:6      | Reached skill level 8 in Summonings
  6593 | D:6      | Reached skill level 8 in Necromancy
  6593 | D:6      | Reached skill level 8 in Translocations
  6593 | D:6      | Reached skill level 8 in Fire Magic
  6593 | D:6      | Reached skill level 8 in Ice Magic
  6593 | D:6      | Reached skill level 8 in Air Magic
  6593 | D:6      | Reached skill level 8 in Earth Magic
  6593 | D:6      | Reached skill level 8 in Alchemy
  6705 | D:6      | Received a gift from Nemelex Xobeh
  7251 | D:7      | Noticed Menkaure
  7253 | D:7      | Killed Menkaure
  7463 | D:7      | Received a gift from Nemelex Xobeh
  7602 | D:7      | Noticed Duvessa
  7657 | D:7      | Noticed Prince Ribbit
  7658 | D:7      | Identified a +1 robe of resistance
  7658 | D:7      | Noticed Dowan
  7659 | D:7      | Killed Duvessa
  7670 | D:7      | Killed Prince Ribbit
  7674 | D:7      | Killed Dowan
  8074 | D:8      | Found a flagged portal.
  8088 | D:8      | Reached skill level 11 in Fighting
  8115 | D:8      | Noticed Amaemon
  8117 | D:8      | Noticed an orange demon
  8127 | D:8      | HP: 8/82 [Amaemon/-1 demon whip of venom (5)]
  8127 | D:8      | HP: 3/82 [Amaemon/-1 demon whip of venom (5)]
  8129 | D:8      | Killed Amaemon
  8129 | D:8      | Killed an orange demon
  8130 | D:8      | Reached skill level 9 in Spellcasting
  8130 | D:8      | Reached skill level 9 in Conjurations
  8130 | D:8      | Reached skill level 9 in Hexes
  8130 | D:8      | Reached skill level 9 in Summonings
  8130 | D:8      | Reached skill level 9 in Necromancy
  8130 | D:8      | Reached skill level 9 in Translocations
  8130 | D:8      | Reached skill level 9 in Fire Magic
  8130 | D:8      | Reached skill level 9 in Ice Magic
  8130 | D:8      | Reached skill level 9 in Air Magic
  8130 | D:8      | Reached skill level 9 in Earth Magic
  8130 | D:8      | Reached skill level 9 in Alchemy
  8130 | D:8      | Reached XP level 11. HP: 10/87 MP: 0/0
  8130 | D:8      | Learned a level 4 spell: Ignite Poison
  8199 | Bailey   | Entered a bailey
  8204 | Bailey   | Noticed an orc warlord
  8213 | Bailey   | Reached ***** piety under Nemelex Xobeh
  8248 | Bailey   | Noticed an orc knight
  8295 | Bailey   | Killed an orc knight
  8494 | Bailey   | Found a runed translucent gate.
  8499 | Bailey   | Found a runed translucent gate.
  8500 | Bailey   | Found a runed translucent gate.
  8822 | Bailey   | Killed an orc warlord
  8823 | Bailey   | Reached skill level 12 in Fighting
  9112 | D:8      | Received a gift from Nemelex Xobeh
  9325 | D:8      | Received a gift from Nemelex Xobeh
  9747 | D:9      | Noticed Jeremiah
  9797 | D:9      | Killed Jeremiah
 10284 | D:9      | Received a gift from Nemelex Xobeh
 10338 | D:9      | Reached skill level 10 in Spellcasting
 10338 | D:9      | Reached skill level 10 in Conjurations
 10338 | D:9      | Reached skill level 10 in Hexes
 10338 | D:9      | Reached skill level 10 in Summonings
 10338 | D:9      | Reached skill level 10 in Necromancy
 10338 | D:9      | Reached skill level 10 in Translocations
 10338 | D:9      | Reached skill level 10 in Fire Magic
 10338 | D:9      | Reached skill level 10 in Ice Magic
 10338 | D:9      | Reached skill level 10 in Air Magic
 10338 | D:9      | Reached skill level 10 in Earth Magic
 10338 | D:9      | Reached skill level 10 in Alchemy
 10559 | D:10     | Entered Level 10 of the Dungeon
 10793 | D:10     | Reached skill level 13 in Fighting
 10810 | D:10     | Received a gift from Nemelex Xobeh
 11052 | D:10     | Reached XP level 12. HP: 91/98 MP: 0/0
 11613 | D:11     | Found a staircase to the Orcish Mines.
 11616 | D:11     | Noticed a boulder beetle
 11647 | D:11     | Received a gift from Nemelex Xobeh
 11706 | D:11     | Found a sparkling altar of Nemelex Xobeh.
 11718 | D:11     | Noticed a two-headed ogre
 11724 | D:11     | Killed a two-headed ogre
 11802 | D:11     | Reached skill level 11 in Spellcasting
 11802 | D:11     | Reached skill level 11 in Conjurations
 11802 | D:11     | Reached skill level 11 in Hexes
 11802 | D:11     | Reached skill level 11 in Summonings
 11802 | D:11     | Reached skill level 11 in Necromancy
 11802 | D:11     | Reached skill level 11 in Translocations
 11802 | D:11     | Reached skill level 11 in Fire Magic
 11802 | D:11     | Reached skill level 11 in Ice Magic
 11802 | D:11     | Reached skill level 11 in Air Magic
 11802 | D:11     | Reached skill level 11 in Earth Magic
 11802 | D:11     | Reached skill level 11 in Alchemy
 11813 | D:11     | Reached skill level 14 in Fighting
 11985 | D:11     | Received a gift from Nemelex Xobeh
 11987 | D:11     | Noticed a centaur warrior
 11996 | D:11     | Killed a centaur warrior
 12622 | D:11     | Noticed a two-headed ogre
 12626 | D:11     | Killed a two-headed ogre
 12872 | D:12     | Found a frozen archway.
 12891 | IceCv    | Entered an ice cave
 13075 | IceCv    | Reached XP level 13. HP: 86/106 MP: 0/0
 13075 | IceCv    | Learned a level 5 spell: Silence
 13216 | IceCv    | Reached skill level 1 in Shields
 13284 | IceCv    | Reached skill level 2 in Shields
 13335 | IceCv    | Identified a +0 robe of resistance
 13347 | IceCv    | Identified the +6 battleaxe "Xuetet" {freeze, ^Contam
                  | ^Fragile rF+++ Str+6}
 13791 | D:12     | Found a shimmering altar of Xom.
 13940 | D:11     | Reached skill level 15 in Fighting
 14023 | D:12     | Reached skill level 3 in Shields
 14384 | D:12     | Received a gift from Nemelex Xobeh
 14598 | D:12     | Reached skill level 4 in Shields
 14604 | D:12     | Reached skill level 12 in Spellcasting
 14604 | D:12     | Reached skill level 12 in Conjurations
 14604 | D:12     | Reached skill level 12 in Hexes
 14604 | D:12     | Reached skill level 12 in Summonings
 14604 | D:12     | Reached skill level 12 in Necromancy
 14604 | D:12     | Reached skill level 12 in Translocations
 14604 | D:12     | Reached skill level 12 in Fire Magic
 14604 | D:12     | Reached skill level 12 in Ice Magic
 14604 | D:12     | Reached skill level 12 in Air Magic
 14604 | D:12     | Reached skill level 12 in Earth Magic
 14604 | D:12     | Reached skill level 12 in Alchemy
 14773 | D:12     | Reached ****** piety under Nemelex Xobeh
 15268 | D:11     | Found a staircase to the Lair.
 15547 | Lair:1   | Entered Level 1 of the Lair of Beasts
 15862 | Lair:1   | Received a gift from Nemelex Xobeh
 16031 | Lair:1   | Received a gift from Nemelex Xobeh
 16987 | D:1      | Bought a bloodstained dagger for 175 gold pieces
 16987 | D:1      | Identified the +6 dagger "Nourghef" {freeze, Int+3} (You
                  | bought it in a shop on level 1 of the Dungeon)
 17152 | D:6      | Bought a jewelled sling for 175 gold pieces
 17152 | D:6      | Identified the +1 sling of Bankruptcy {drain, Will- Int+2
                  | Dex+3} (You bought it in a shop on level 6 of the Dungeon)
 17155 | D:6      | Bought a scorched halberd for 243 gold pieces
 17155 | D:6      | Identified the +2 halberd "Jyshraosm" {venom, ^Fragile rN++
                  | Int-5 Dex+4} (You bought it in a shop on level 6 of the
                  | Dungeon)
 17389 | Lair:2   | Received a gift from Nemelex Xobeh
 17451 | Lair:2   | Reached skill level 5 in Shields
 17720 | Lair:2   | Received a gift from Nemelex Xobeh
 18041 | Lair:2   | Reached skill level 16 in Fighting
 18045 | Lair:2   | Reached XP level 14. HP: 62/116 MP: 0/0
 18382 | Lair:2   | Received a gift from Nemelex Xobeh
 18882 | Lair:3   | Received a gift from Nemelex Xobeh
 19149 | Lair:3   | Reached skill level 13 in Spellcasting
 19149 | Lair:3   | Reached skill level 13 in Conjurations
 19149 | Lair:3   | Reached skill level 13 in Hexes
 19149 | Lair:3   | Reached skill level 13 in Summonings
 19149 | Lair:3   | Reached skill level 13 in Necromancy
 19149 | Lair:3   | Reached skill level 13 in Translocations
 19149 | Lair:3   | Reached skill level 13 in Fire Magic
 19149 | Lair:3   | Reached skill level 13 in Ice Magic
 19149 | Lair:3   | Reached skill level 13 in Air Magic
 19149 | Lair:3   | Reached skill level 13 in Earth Magic
 19149 | Lair:3   | Reached skill level 13 in Alchemy
 19555 | Lair:3   | Found a staircase to the Shoals.
 19561 | Lair:3   | Identified the +4 war axe "Loawecaw" {speed, ^Fragile rCorr
                  | Int+5 Dex+3}
 19675 | Lair:3   | Found a staircase to the Snake Pit.
 20393 | Lair:4   | Reached skill level 17 in Fighting
 20442 | Lair:4   | Found a viscous altar of Jiyva.
 20442 | Lair:4   | Found a staircase to the Slime Pits.
 20575 | Lair:4   | Received a gift from Nemelex Xobeh
 20823 | Lair:4   | Received a gift from Nemelex Xobeh
 21416 | Lair:5   | Entered Level 5 of the Lair of Beasts
 21454 | Lair:5   | Received a gift from Nemelex Xobeh
 22479 | Lair:5   | Reached XP level 15. HP: 78/124 MP: 0/0
 22479 | Lair:5   | Learned a level 6 spell: Death Channel
 23158 | Lair:5   | Reached skill level 14 in Spellcasting
 23158 | Lair:5   | Reached skill level 14 in Conjurations
 23158 | Lair:5   | Reached skill level 14 in Hexes
 23158 | Lair:5   | Reached skill level 14 in Summonings
 23158 | Lair:5   | Reached skill level 14 in Necromancy
 23158 | Lair:5   | Reached skill level 14 in Translocations
 23158 | Lair:5   | Reached skill level 14 in Fire Magic
 23158 | Lair:5   | Reached skill level 14 in Ice Magic
 23158 | Lair:5   | Reached skill level 14 in Air Magic
 23158 | Lair:5   | Reached skill level 14 in Earth Magic
 23158 | Lair:5   | Reached skill level 14 in Alchemy
 23283 | Lair:5   | Found a runed translucent gate.
 23283 | Lair:5   | Found a runed translucent gate.
 23283 | Lair:5   | Found a runed translucent gate.
 23283 | Lair:5   | Noticed a quicksilver ooze
 23283 | Lair:5   | Noticed an azure jelly
 23283 | Lair:5   | Noticed an azure jelly
 23283 | Lair:5   | Noticed an azure jelly
 23283 | Lair:5   | Noticed avangion's ghost (journeyman DjFE)
 23283 | Lair:5   | Noticed an acid blob
 23283 | Lair:5   | Noticed a rockslime
 23314 | Lair:5   | Reached skill level 18 in Fighting
 23378 | Lair:5   | Received a gift from Nemelex Xobeh
 25366 | Orc:1    | Entered Level 1 of the Orcish Mines
 25620 | Orc:2    | Entered Level 2 of the Orcish Mines
 25620 | Orc:2    | Received a gift from Nemelex Xobeh
 25624 | Orc:2    | Found a roughly hewn altar of Beogh.
 25637 | Orc:1    | Noticed Urug
 25888 | Orc:1    | Killed Urug
 25995 | Orc:1    | Noticed Jorgrun
 26009 | Orc:1    | Killed Jorgrun
 26237 | Orc:1    | Reached skill level 19 in Fighting
 26317 | Orc:1    | Reached XP level 16. HP: 116/135 MP: 0/0
 27109 | Orc:2    | Reached skill level 15 in Spellcasting
 27109 | Orc:2    | Reached skill level 15 in Conjurations
 27109 | Orc:2    | Reached skill level 15 in Hexes
 27109 | Orc:2    | Reached skill level 15 in Summonings
 27109 | Orc:2    | Reached skill level 15 in Necromancy
 27109 | Orc:2    | Reached skill level 15 in Translocations
 27109 | Orc:2    | Reached skill level 15 in Fire Magic
 27109 | Orc:2    | Reached skill level 15 in Ice Magic
 27109 | Orc:2    | Reached skill level 15 in Air Magic
 27109 | Orc:2    | Reached skill level 15 in Earth Magic
 27109 | Orc:2    | Reached skill level 15 in Alchemy
 27414 | Orc:2    | Found a staircase to the Elven Halls.
 27798 | Orc:2    | Received a gift from Nemelex Xobeh
 27816 | Orc:2    | Found a roughly hewn altar of Beogh.
 27818 | Orc:2    | Found Kereuw's General Store.
 27826 | Orc:2    | Bought a scroll of identify for 22 gold pieces
 27826 | Orc:2    | Bought a scroll of identify for 22 gold pieces
 28215 | Orc:2    | Noticed Saint Roka
 28428 | Orc:1    | Reached skill level 6 in Dodging
 28428 | Orc:1    | Reached XP level 17. HP: 141/141 MP: 0/0
 28428 | Orc:1    | Learned a level 7 spell: Ozocubu's Refrigeration
 28489 | Orc:2    | Killed Saint Roka
 28778 | Orc:2    | Found Xophiles's Antique Armour Boutique.
 28779 | Orc:2    | Found a roughly hewn altar of Beogh.
 28780 | Orc:2    | Found Joydid's Antique Weapon Shop.
 28887 | Orc:2    | Found a roughly hewn altar of Beogh.
 28910 | Orc:2    | Found a roughly hewn altar of Beogh.
 28913 | Orc:2    | Found Xehur's Antique Armour Boutique.
 28918 | Orc:2    | Bought a spiked leather armour for 210 gold pieces
 28918 | Orc:2    | Identified the +0 leather armour of Zesipa {Int+2} (You
                  | bought it in a shop on level 2 of the Orcish Mines)
 28960 | Orc:2    | Bought a heavily runed robe for 199 gold pieces
 28960 | Orc:2    | Identified the +2 robe "Eppuel" {+Inv rElec Stlth+} (You
                  | bought it in a shop on level 2 of the Orcish Mines)
 28974 | Orc:2    | Bought a runed helmet for 262 gold pieces
 29575 | Lair:5   | Received a gift from Nemelex Xobeh
 29836 | Lair:5   | Found a viscous altar of Jiyva.
 29946 | Lair:5   | Killed an acid blob
 29947 | Lair:5   | Reached skill level 7 in Dodging
 30041 | Lair:4   | Killed avangion's ghost
 30732 | D:6      | Killed jamsaran's ghost
 31222 | D:13     | Reached skill level 6 in Shields
 31323 | D:13     | Reached skill level 8 in Dodging
 31414 | D:13     | Received a gift from Nemelex Xobeh
 31740 | D:13     | Received a gift from Nemelex Xobeh
 32424 | D:14     | Received a gift from Nemelex Xobeh
 32599 | D:14     | Reached skill level 7 in Shields
 32697 | D:14     | Reached XP level 18. HP: 117/149 MP: 0/0
 32856 | D:14     | Found a gate to the Vaults.
 32894 | D:14     | Identified a scarf of resistance
 33013 | D:14     | Reached skill level 9 in Dodging
 33363 | D:14     | Noticed Roxanne
 33394 | D:14     | Reached skill level 10 in Dodging
 33394 | D:14     | Reached skill level 8 in Shields
 33394 | D:14     | Reached XP level 19. HP: 155/155 MP: 0/0
 33394 | D:14     | Learned a level 6 spell: Conjure Ball Lightning
 33413 | D:14     | Killed Roxanne
 33611 | D:15     | Entered Level 15 of the Dungeon
 33611 | D:15     | Noticed Nessos
 33615 | D:15     | Killed Nessos
 33616 | D:15     | Reached skill level 16 in Conjurations
 33809 | D:15     | Received a gift from Nemelex Xobeh
 33815 | D:15     | Noticed Rupert
 33821 | D:15     | Killed Rupert
 33822 | D:15     | Reached skill level 16 in Spellcasting
 33822 | D:15     | Reached skill level 16 in Hexes
 33822 | D:15     | Reached skill level 16 in Summonings
 33822 | D:15     | Reached skill level 16 in Necromancy
 33822 | D:15     | Reached skill level 16 in Translocations
 33822 | D:15     | Reached skill level 16 in Fire Magic
 33822 | D:15     | Reached skill level 16 in Ice Magic
 33822 | D:15     | Reached skill level 16 in Air Magic
 33822 | D:15     | Reached skill level 16 in Earth Magic
 33822 | D:15     | Reached skill level 16 in Alchemy
 33848 | D:15     | Reached skill level 9 in Shields
 34185 | D:15     | Found a staircase to the Depths.
 34580 | D:15     | Received a gift from Nemelex Xobeh
 34806 | Snake:1  | Entered Level 1 of the Snake Pit
 34809 | Snake:1  | Reached skill level 11 in Dodging
 35386 | Snake:1  | Received a gift from Nemelex Xobeh
 35779 | Snake:2  | Received a gift from Nemelex Xobeh
 35840 | Snake:2  | Found Xanun's Assorted Antiques.
 35843 | Snake:2  | Reached skill level 10 in Shields
 35950 | Snake:2  | Found Niusaut's Distillery.
 35958 | Snake:2  | Bought a potion of cancellation for 96 gold pieces
 35958 | Snake:2  | Bought a potion of invisibility for 96 gold pieces
 36036 | Snake:2  | Found Ycagitee's Antique Armour Shoppe.
 36139 | Snake:2  | Noticed Vashnia
 36296 | Snake:2  | Found Hihiz's Antique Weapon Emporium.
 36319 | Snake:2  | Identified the serpent talisman "Trusted Companion"
                  | {*Corrode rF+ Int+3}
 36319 | Snake:2  | Noticed Aizul
 36327 | Snake:2  | Killed Aizul
 36394 | Snake:2  | You are sucked into a shaft and drop 1 floor!
 36394 | Snake:3  | Received a gift from Nemelex Xobeh
 36401 | Snake:3  | Reached skill level 12 in Dodging
 36401 | Snake:3  | Reached skill level 17 in Conjurations
 36494 | Snake:3  | Identified a potion of resistance
 36906 | Snake:2  | Found Vuots's Distillery.
 37072 | Snake:2  | Found Ycagitee's Antique Armour Shoppe.
 37195 | Snake:2  | Found Xanun's Assorted Antiques.
 37214 | Snake:2  | Killed Vashnia
 37309 | Snake:2  | Found Niusaut's Distillery.
 37410 | Snake:2  | Found Hihiz's Antique Weapon Emporium.
 37542 | Snake:2  | Reached XP level 20. HP: 122/162 MP: 0/0
 37642 | Snake:3  | Found Mojuelee's Jewellery Emporium.
 37655 | Snake:3  | Received a gift from Nemelex Xobeh
 37693 | Snake:3  | Found Pal Zam's Antique Armour Boutique.
 37695 | Snake:3  | Found Haojogaj's Weapon Shop.
 37732 | Snake:3  | Found Poil's Distillery.
 37740 | Snake:3  | Bought a potion of haste for 150 gold pieces
 37809 | Snake:3  | Reached skill level 11 in Shields
 37861 | Snake:3  | Noticed Xuar's ghost (adept DjHW)
 37908 | Snake:3  | Found a one-way gate to the infinite horrors of the Abyss.
 38175 | Snake:3  | Found a transporter.
 38324 | Snake:3  | Found a transporter.
 38859 | Snake:4  | Entered Level 4 of the Snake Pit
 38884 | Snake:4  | Noticed Asterion
 38889 | Snake:4  | Killed Asterion
 38890 | Snake:4  | Reached skill level 13 in Dodging
 39290 | Snake:4  | Received a gift from Nemelex Xobeh
 39353 | Snake:4  | Reached skill level 17 in Spellcasting
 39353 | Snake:4  | Reached skill level 17 in Hexes
 39353 | Snake:4  | Reached skill level 17 in Summonings
 39353 | Snake:4  | Reached skill level 17 in Necromancy
 39353 | Snake:4  | Reached skill level 17 in Translocations
 39353 | Snake:4  | Reached skill level 17 in Fire Magic
 39353 | Snake:4  | Reached skill level 17 in Ice Magic
 39353 | Snake:4  | Reached skill level 17 in Air Magic
 39353 | Snake:4  | Reached skill level 17 in Earth Magic
 39353 | Snake:4  | Reached skill level 17 in Alchemy
 39355 | Snake:4  | Reached skill level 18 in Conjurations
 39504 | Snake:4  | Reached skill level 12 in Shields
 39746 | Snake:4  | Found a runed translucent door.
 40061 | Snake:4  | Reached skill level 14 in Dodging
 40446 | Snake:4  | Got a serpentine rune of Zot
 40532 | Snake:4  | Noticed Wyifuy's ghost (adept MiFi)
 40735 | Shoals:1 | Entered Level 1 of the Shoals
 40798 | Shoals:1 | Received a gift from Nemelex Xobeh
 40901 | Shoals:1 | Reached skill level 19 in Conjurations
 40901 | Shoals:1 | Reached XP level 21. HP: 126/167 MP: 0/0
 40901 | Shoals:1 | Learned a level 7 spell: Enfeeble
 41038 | Shoals:1 | Reached skill level 15 in Dodging
 41577 | Shoals:2 | Received a gift from Nemelex Xobeh
 41798 | Shoals:2 | Found Suhiur's Armour Shop.
 41974 | Shoals:2 | Received a gift from Nemelex Xobeh
 42755 | Shoals:3 | Found Pedy's General Store.
 42806 | Shoals:3 | Reached skill level 16 in Dodging
 42806 | Shoals:3 | Reached skill level 18 in Spellcasting
 42806 | Shoals:3 | Reached skill level 18 in Hexes
 42806 | Shoals:3 | Reached skill level 18 in Summonings
 42806 | Shoals:3 | Reached skill level 18 in Necromancy
 42806 | Shoals:3 | Reached skill level 18 in Translocations
 42806 | Shoals:3 | Reached skill level 18 in Fire Magic
 42806 | Shoals:3 | Reached skill level 18 in Ice Magic
 42806 | Shoals:3 | Reached skill level 18 in Air Magic
 42806 | Shoals:3 | Reached skill level 18 in Earth Magic
 42806 | Shoals:3 | Reached skill level 18 in Alchemy
 43085 | Shoals:3 | Received a gift from Nemelex Xobeh
 43376 | Shoals:3 | Reached skill level 20 in Conjurations
 43622 | Shoals:3 | Found a runed translucent gate.
 43623 | Shoals:3 | Found a runed translucent gate.
 43623 | Shoals:3 | Found an opulent altar of Gozag.
 43624 | Shoals:3 | Found a runed translucent gate.
 43637 | Shoals:3 | Noticed Mungiw's ghost (adept MiBe)
 43769 | Shoals:4 | Entered Level 4 of the Shoals
 43970 | Shoals:4 | Received a gift from Nemelex Xobeh
 44172 | Shoals:4 | Found a glowing silver altar of Zin.
 44335 | Shoals:4 | Reached skill level 17 in Dodging
 44757 | Shoals:4 | Identified the +4 scale mail "Soemni" {Fly rF++ Dex-5}
 44874 | Shoals:4 | Identified the +1 ring mail of the Shrike {rF- Int+8}
 44951 | Shoals:4 | Found a white marble altar of Elyvilon.
 44955 | Shoals:4 | Reached XP level 22. HP: 157/174 MP: 0/0
 45145 | Shoals:4 | Got a barnacled rune of Zot
 45366 | Vaults:1 | Entered Level 1 of the Vaults
 45383 | Vaults:1 | Received a gift from Nemelex Xobeh
 45442 | Vaults:1 | Received a gift from Nemelex Xobeh
 45451 | Vaults:1 | Reached skill level 21 in Conjurations
 45631 | Vaults:1 | Found Bycw's Antique Armour Boutique.
 45638 | Vaults:1 | Bought a pair of runed gloves for 247 gold pieces
 45638 | Vaults:1 | Bought a glowing cloak for 247 gold pieces
 45671 | Vaults:1 | Reached skill level 18 in Dodging
 46088 | Vaults:1 | Identified the +4 robe of a bailey {rC++}
 46088 | Vaults:1 | Noticed Boris
 46112 | Vaults:1 | Killed Boris
 46113 | Vaults:1 | Reached skill level 19 in Spellcasting
 46113 | Vaults:1 | Reached skill level 19 in Hexes
 46113 | Vaults:1 | Reached skill level 19 in Summonings
 46113 | Vaults:1 | Reached skill level 19 in Necromancy
 46113 | Vaults:1 | Reached skill level 19 in Translocations
 46113 | Vaults:1 | Reached skill level 19 in Fire Magic
 46113 | Vaults:1 | Reached skill level 19 in Ice Magic
 46113 | Vaults:1 | Reached skill level 19 in Air Magic
 46113 | Vaults:1 | Reached skill level 19 in Earth Magic
 46113 | Vaults:1 | Reached skill level 19 in Alchemy
 46397 | Vaults:1 | Received a gift from Nemelex Xobeh
 47053 | Vaults:2 | Reached skill level 22 in Conjurations
 47057 | Vaults:2 | Reached skill level 19 in Dodging
 47107 | Vaults:2 | Found Kouquodi's Distillery.
 47449 | Vaults:2 | Identified a scarf of resistance
 47580 | Vaults:2 | Found Kulest's Distillery.
 47662 | Vaults:2 | Identified the orb "Lainai" {light, Harm Fly rC+ Int+3}
 47662 | Vaults:2 | Noticed Frederick
 47742 | Vaults:2 | Found Cengaqam's Book Boutique.
 47885 | Vaults:2 | Received a gift from Nemelex Xobeh
 47941 | Vaults:2 | Reached XP level 23. HP: 97/180 MP: 0/0
 47941 | Vaults:2 | Learned a level 7 spell: Monstrous Menagerie
 48117 | Vaults:2 | Found a portal to a secret trove of treasure.
 48438 | Vaults:2 | Killed Frederick
 48736 | Vaults:3 | Found a crumbling gateway.
 48742 | Desolati | Entered the Desolation of Salt
 48919 | Desolati | Reached skill level 20 in Dodging
 49070 | Desolati | Reached skill level 23 in Conjurations
 49191 | Desolati | Reached skill level 20 in Spellcasting
 49191 | Desolati | Reached skill level 20 in Hexes
 49191 | Desolati | Reached skill level 20 in Summonings
 49191 | Desolati | Reached skill level 20 in Necromancy
 49191 | Desolati | Reached skill level 20 in Translocations
 49191 | Desolati | Reached skill level 20 in Fire Magic
 49191 | Desolati | Reached skill level 20 in Ice Magic
 49191 | Desolati | Reached skill level 20 in Air Magic
 49191 | Desolati | Reached skill level 20 in Earth Magic
 49191 | Desolati | Reached skill level 20 in Alchemy
 49320 | Desolati | Identified the ring of Venul {Fly rPois Will- AC+4 Str+3}
 49323 | Desolati | Identified the amulet "Irru" {Reflect rF+ Regen+ MP+9 SH+5
                  | SInv}
 49570 | Desolati | Received a gift from Nemelex Xobeh
 49847 | Desolati | Identified the staff of the Endless Tales {rF+ rN+ Int+3
                  | Conj Necro}
 50249 | Vaults:3 | Received a gift from Nemelex Xobeh
 50383 | Vaults:3 | Reached skill level 21 in Dodging
 50534 | Vaults:3 | Received a gift from Nemelex Xobeh
 50603 | Vaults:3 | Found a staircase to the Crypt.
 51202 | Vaults:3 | Received a gift from Nemelex Xobeh
 51480 | Vaults:3 | Found Ivowa's Distillery.
 51488 | Vaults:3 | Reached skill level 24 in Conjurations
 51575 | Vaults:3 | Reached XP level 24. HP: 174/186 MP: 0/0
 52302 | Vaults:4 | Found a transporter.
 52321 | Vaults:4 | Received a gift from Nemelex Xobeh
 52340 | Vaults:4 | Found a transporter.
 53133 | Vaults:4 | Found a runed translucent door.
 53133 | Vaults:4 | Noticed Onkach's ghost (adept DjEn)
 53513 | Snake:3  | Reached skill level 22 in Dodging
 53596 | Snake:3  | Identified the +2 trident of Awihyag {venom, rElec Str+3
                  | SInv Stlth+}
 53604 | Snake:3  | Killed Xuar's ghost
 54046 | Snake:4  | Killed Wyifuy's ghost
 54345 | Shoals:3 | Reached skill level 21 in Spellcasting
 54345 | Shoals:3 | Reached skill level 21 in Hexes
 54345 | Shoals:3 | Reached skill level 21 in Summonings
 54345 | Shoals:3 | Reached skill level 21 in Necromancy
 54345 | Shoals:3 | Reached skill level 21 in Translocations
 54345 | Shoals:3 | Reached skill level 21 in Fire Magic
 54345 | Shoals:3 | Reached skill level 21 in Ice Magic
 54345 | Shoals:3 | Reached skill level 21 in Air Magic
 54345 | Shoals:3 | Reached skill level 21 in Earth Magic
 54345 | Shoals:3 | Reached skill level 21 in Alchemy
 54362 | Shoals:3 | Killed Mungiw's ghost
 54623 | Elf:1    | Entered Level 1 of the Elven Halls
 54695 | Elf:1    | Noticed Nikola
 54709 | Elf:1    | Killed Nikola
 54769 | Elf:1    | Received a gift from Nemelex Xobeh
 54826 | Elf:1    | Found Woch's Antique Weapon Emporium.
 55010 | Elf:1    | Noticed Azrael
 55011 | Elf:1    | Reached skill level 25 in Conjurations
 55035 | Elf:1    | Killed Azrael
 55036 | Elf:1    | Reached skill level 1 in Armour
 55202 | Elf:1    | Found Haetwack's Assorted Antiques.
 55274 | Elf:1    | Received a gift from Nemelex Xobeh
 55301 | Elf:1    | Reached skill level 2 in Armour
 55459 | Elf:1    | Found Caup's Weapon Shoppe.
 56063 | Elf:2    | Reached skill level 3 in Armour
 56124 | Elf:2    | Received a gift from Nemelex Xobeh
 56229 | Elf:2    | Reached skill level 20 in Fighting
 56516 | Elf:2    | Found a runed translucent gate.
 56516 | Elf:2    | Found a runed translucent gate.
 56521 | Elf:2    | Found a runed translucent gate.
 56642 | Elf:2    | Received a gift from Nemelex Xobeh
 56678 | Elf:2    | Found a huge runed translucent gate.
 56678 | Elf:2    | Found a huge runed translucent gate.
 56678 | Elf:2    | Found a huge runed translucent gate.
 56678 | Elf:2    | Found a huge runed translucent gate.
 56682 | Elf:2    | Found a huge runed translucent gate.
 56856 | Elf:3    | Entered Level 3 of the Elven Halls
 56910 | Elf:3    | Paralysed by an air elemental for 1 turns
 56912 | Elf:3    | Reached skill level 4 in Armour
 57050 | Elf:3    | Reached XP level 25. HP: 169/193 MP: 0/0
 57050 | Elf:3    | Learned a level 8 spell: Borgnjor's Revivification
 57507 | Elf:3    | Reached skill level 5 in Armour
 57691 | Elf:3    | Identified the ring "Odag" {Fly Str+3 Dex+6 Slay+2}
 57797 | Elf:3    | Reached skill level 6 in Armour
 58011 | Elf:3    | Identified the amulet "Zyeroec" {Reflect +Blink Str-4 Int+4
                  | SH+5}
 58287 | Elf:3    | Identified the +2 scale mail of Entitlement {Rampage ^Drain
                  | Str+5 Dex+3}
 58290 | Elf:3    | Identified a +1 crystal plate armour
 58658 | Depths:1 | Entered Level 1 of the Depths
 58662 | Depths:1 | Received a gift from Nemelex Xobeh
 58765 | Depths:1 | Identified the +6 battleaxe of the Enchanted Forest {venom,
                  | MP-9 Str+5}
 58879 | Depths:1 | Received a gift from Nemelex Xobeh
 58917 | Depths:1 | Reached skill level 7 in Armour
 59510 | D:15     | Reached skill level 26 in Conjurations
 60331 | Depths:1 | Found a one-way gateway to a ziggurat.
 60334 | Depths:1 | Received a gift from Nemelex Xobeh
 60780 | Depths:1 | Found a gateway to Hell.
 61092 | Depths:2 | Received a gift from Nemelex Xobeh
 61102 | Depths:2 | Found a transporter.
 61115 | Depths:2 | Reached skill level 8 in Armour
 61127 | Depths:2 | Reached skill level 21 in Fighting
 61133 | Depths:2 | Identified the +3 robe of Inquiry {rPois Will+ Slay+2}
 61133 | Depths:2 | Noticed Boris
 61140 | Depths:2 | Killed Boris
 61410 | Depths:2 | Reached skill level 22 in Spellcasting
 61410 | Depths:2 | Reached skill level 22 in Hexes
 61410 | Depths:2 | Reached skill level 22 in Summonings
 61410 | Depths:2 | Reached skill level 22 in Necromancy
 61410 | Depths:2 | Reached skill level 22 in Translocations
 61410 | Depths:2 | Reached skill level 22 in Fire Magic
 61410 | Depths:2 | Reached skill level 22 in Ice Magic
 61410 | Depths:2 | Reached skill level 22 in Air Magic
 61410 | Depths:2 | Reached skill level 22 in Earth Magic
 61410 | Depths:2 | Reached skill level 22 in Alchemy
 61526 | Depths:2 | Found a shadowy altar of Dithmenos.
 61579 | Depths:2 | Reached XP level 26. HP: 148/203 MP: 0/0
 61867 | Depths:2 | Found a bloodstained altar of Trog.
 61923 | Depths:2 | Found a one-way gate leading to the halls of Pandemonium.
 61930 | Depths:2 | Identified the +0 cloak "Ruydepak" {-Tele Fly rN+ Str+4}
 61953 | Depths:2 | Reached skill level 9 in Armour
 62483 | Depths:2 | Found a corrupted altar of Lugonu.
 62712 | Depths:3 | Received a gift from Nemelex Xobeh
 62846 | Depths:3 | Noticed a juggernaut
 62976 | Depths:3 | Killed a juggernaut
 63043 | Depths:3 | Identified the +2 broad axe "Poranekk" {elec, Will+ Dex+4}
 63181 | Depths:3 | Found a transporter.
 63431 | Depths:3 | Identified the ring of Nyffai {rPois rF+ Str-4 Slay+3}
 63465 | Depths:3 | HP: 9/203 [golden dragon (23)]
 63465 | Depths:3 | Slain by a golden dragon

Vanquished Creatures
  Frederick (Vaults:2)
  A juggernaut (Depths:3)
  Vashnia (Snake:2)
  Saint Roka (Orc:2)
  Nikola (Elf:1)
  Asterion (Snake:4)
  A lich (Depths:2)
  2 deep elf blademasters (Elf:3)
  Jorgrun (Orc:1)
  Rupert (D:15)
  A walking divine tome (Depths:3)
  An acid blob (Lair:5)
  2 sphinxes
  A deep elf master archer (Elf:3)
  A kraken (Shoals:1)
  2 tengu reavers
  3 azure jellies (Lair:5)
  Roxanne (D:14)
  Aizul (Snake:2)
  A rockslime (Lair:5)
  A fire giant (Depths:1)
  8 deep elf sorcerers
  4 imperial myrmidons (Desolation)
  An iron dragon (Depths:1)
  7 nagarajas
  A balrug (Depths:1)
  2 frost giants (Depths:1)
  The ghost of avangion the Eclecticist, a journeyman DjFE of Ashenzari (Lair:4)
  2 deep elf elementalists (Elf:1)
  3 vault wardens
  An angel (Shoals:4)
  2 orc warlords
  16 ironbound preservers
  A cacodemon (Snake:3)
  A quicksilver ooze (Lair:5)
  21 very ugly things
  5 ironbound thunderhulks
  Nessos (D:15)
  3 formless jellyfish
  A vampire knight (Depths:2)
  8 stone giants
  9 deep elf death magi
  5 deep elf demonologists (Elf:3)
  13 deep elf annihilators
  6 dire elephants
  4 spark wasps
  Azrael (Elf:1)
  8 ettins
  13 merfolk impalers
  9 merfolk javelineers
  5 fire dragons
  3 servants of whispers (Desolation)
  9 deep elf high priests (Elf:3)
  15 yaktaur captains
  5 ragged hierophants (Desolation)
  9 great orbs of eyes
  8 vault guards
  A caustic shrike simulacrum (Depths:1)
  A rakshasa (Depths:3)
  5 ice dragons
  3 hydras
  5 peacekeepers (Desolation)
  A spriggan air mage (Depths:2)
  A catoblepas (D:15)
  14 ironbound frosthearts
  A torpor snail (shapeshifter) (D:14)
  An ogre mage (Vaults:3)
  2 merfolk avatars
  5 merfolk aquamancers (Shoals:4)
  12 anacondas
  2 dancing weapons (Elf:1)
  A death knight (Vaults:3)
  8 boulder beetles
  2 satyrs (Shoals:3)
  3 tengu warriors (Depths:1)
  2 two-headed ogres (D:11)
  An alligator snapping turtle (Shoals:4)
  10 centaur warriors
  A hell hog (Lair:5)
  13 death yaks
  3 deep troll earth magi
  16 naga sharpshooters
  18 naga warriors
  A thrashing horror (Snake:3)
  2 orc high priests (Elf:1)
  5 deep troll shamans
  Urug (Orc:1)
  3 occultists
  A sphinx skeleton (Depths:1)
  7 shock serpents
  12 deep elf knights
  A spriggan berserker (Depths:1)
  Amaemon (D:8)
  5 hell knights
  2 salamander mystics (Snake:3)
  5 skysharks
  2 iron trolls (Depths:2)
  2 sun demons (Depths:1)
  11 mana vipers
  9 skeletal warriors
  A golden dragon zombie (Depths:1)
  21 sea snakes
  3 cherubim (Shoals:4)
  2 glowing orange brains
  67 deep trolls
  A flayed ghost (Depths:1)
  7 naga ritualists
  2 bog bodies (IceCv)
  9 arcanists
  A lindwurm (shapeshifter) (Vaults:2)
  10 necromancers
  An obsidian statue (Shoals:3)
  10 deep elf archers
  3 phantasmal warriors
  A harpy (shapeshifter) (D:13)
  9 lindwurms
  15 ironbound convokers
  3 orc knights
  2 starcursed masses (Snake:3)
  2 oklob plants (D:11)
  21 deep elf pyromancers
  15 harpies
  2 wolf spiders (Lair:4)
  4 orc sorcerers
  21 deep elf zephyrmancers
  38 ugly things
  9 cyclopes
  18 manticores
  14 fauns
  4 vault sentinels
  8 kobold blastminers
  A stone giant skeleton (Vaults:1)
  16 elephants
  5 salamanders (Snake:3)
  A worldbinder (Snake:3)
  13 merfolk sirens
  21 naga magi
  An ice statue (IceCv)
  2 orange demons
  9 water nymphs
  An apocalypse crab (Snake:3)
  44 black mambas
  The ghost of jamsaran the Firebug, a novice DgFE (D:6)
  12 guardian serpents
  A molten gargoyle (Desolation)
  4 centaur skeletons (D:14)
  2 unseen horrors (D:11)
  Jeremiah (D:9)
  A gargoyle (D:12)
  2 efreet
  A torpor snail (Lair:5)
  14 cane toads
  21 yaktaurs
  4 kobold demonologists
  5 rime drakes
  9 komodo dragons
  An anaconda simulacrum (IceCv)
  5 tengu conjurers
  A tormentor (Depths:2)
  3 trolls
  40 merfolk
  5 hornets
  6 wind drakes
  14 polar bears
  39 saltlings (Desolation)
  16 blink frogs
  Grinder (D:3)
  5 raiju
  10 dream sheep
  2 glass eyes
  Prince Ribbit (D:7)
  14 snapping turtles
  An ettin zombie (Depths:1)
  30 slime creatures
  A vampire (D:11)
  45 yaks
  Sigmund (D:4)
  3 air elementals
  A yak (shapeshifter) (D:13)
  9 water elementals
  15 wyverns
  3 wraiths
  An elf zombie (Vaults:1)
  3 fire elementals (Elf:1)
  11 wargs
  A basilisk (D:9)
  A fire bat (D:12)
  A redback (Lair:5)
  A steam dragon (D:7)
  3 death yak simulacra (IceCv)
  7 vampire mosquitoes
  Menkaure (D:7)
  A harpy simulacrum (IceCv)
  5 acid dragons
  48 nagas
  Duvessa (D:7)
  17 hell hounds
  31 water moccasins
  2 ice beasts
  15 black bears
  37 orc warriors
  2 laughing skulls (D:14)
  An ettin simulacrum (Depths:1)
  A boggart (D:14)
  8 ogres
  26 wolves
  11 centaurs
  4 kobold brigands
  9 bullfrogs
  7 two-headed ogre simulacra
  Blork the orc (D:4)
  3 scorpions
  3 cane toad simulacra (IceCv)
  6 gnoll sergeants
  6 wights (D:7)
  Dowan (D:7)
  3 elephant simulacra (IceCv)
  8 killer bees
  7 howler monkeys
  4 electric eels
  2 centaur zombies (Ossuary)
  3 human zombies (Ossuary)
  4 hounds
  5 jellies
  18 orc priests
  3 bombardier beetles
  3 gnoll boudas
  Jessica (D:2)
  4 iguanas
  25 orc wizards
  5 hell rats (Lair:1)
  7 spriggan simulacra (IceCv)
  9 troll simulacra
  3 polar bear simulacra (IceCv)
  2 wolf simulacra
  6 hound zombies (Ossuary)
  2 mummies (Ossuary)
  38 gnolls
  9 adders
  3 naga simulacra
  A shadow imp (D:6)
  8 white imps
  8 ufetubi
  5 adder zombies (Ossuary)
  A dart slug (D:5)
  5 ribbon worms
  91 orcs
  5 ball pythons
  10 bats
  7 endoplasms
  4 giant cockroaches
  11 goblins
  12 hobgoblins
  9 jackals
  25 kobolds
  3 quokkas
  2 frilled lizards (D:2)
  4 gnoll zombies (Ossuary)
  6 jackal zombies (Ossuary)
  3 kobold zombies (Ossuary)
  7 orc zombies (Ossuary)
  7 rats
1911 creatures vanquished.

Vanquished Creatures (collateral kills)
  Boris (twice) (Vaults:1 Depths:2)
  A lich (Vaults:3)
  The ghost of Wyifuy the Slayer, an adept MiFi of Okawaru (Snake:4)
  A deep elf master archer (Elf:3)
  The ghost of Mungiw the Peltast, an adept MiBe of Trog (Shoals:3)
  The ghost of Xuar the Eclecticist, an adept DjHW of Makhleb (Snake:3)
  A frost giant (Depths:3)
  A deep elf death mage (Elf:3)
  A halazid warlock (Desolation)
  2 crystal guardians (Desolation)
  A servant of whispers (Desolation)
  A ragged hierophant (Desolation)
  A peacekeeper (Desolation)
  14 dancing weapons
  An orc high priest (Elf:2)
  2 iron trolls (Depths:2)
  2 deep elf archers (Elf:2)
  2 deep elf pyromancers
  A deep elf zephyrmancer (Elf:3)
  A human skeleton (Vaults:1)
  A vault sentinel (Vaults:2)
  3 saltlings (Desolation)
  A fire elemental (Elf:2)
  An elf zombie (Vaults:1)
  2 orc warriors (Elf:2)
  An ogre (Elf:2)
  3 earth elementals
  An orc (Elf:2)
51 creatures vanquished.

Vanquished Creatures (others)
  A glowing orange brain (Depths:3)
  A yaktaur (Vaults:3)
  32 ball lightnings (D:14)
  2 foxfires (Lair:4)
  4 tentacles (Shoals:1)
40 creatures vanquished.

Grand Total: 2002 creatures vanquished

Table legend: (Time is in decaauts)
 A = Elapsed time spent in this place.
 B = Non-inter-level travel time spent in this place.
 C = Inter-level travel time spent in this place.
 D = Time resting spent in this place.
 E = Time spent auto-exploring this place.
 F = Levels seen in this place.
 G = Mean time per level.
                   A        B        C        D        E       F      G
               +--------+--------+--------+--------+--------+-----+--------+
         Total |  63650 |  59820 |   3830 |  10328 |  37947 |  44 | 1446.6 |
       Dungeon |  19605 |  17708 |   1897 |   2712 |  11566 |  15 | 1307.0 |
          Lair |  10558 |  10010 |    548 |   2761 |   5061 |   5 | 2111.6 |
        Shoals |   4825 |   4637 |    188 |    288 |   3600 |   4 | 1206.2 |
     Snake Pit |   6725 |   6197 |    528 |    419 |   4966 |   4 | 1681.2 |
  Orcish Mines |   3730 |   3570 |    160 |   1757 |    994 |   2 | 1865.0 |
   Elven Halls |   3929 |   3710 |    219 |     99 |   2756 |   3 | 1309.7 |
        Vaults |   6775 |   6532 |    243 |    734 |   4939 |   4 | 1693.8 |
        Depths |   4354 |   4310 |     44 |    963 |   2586 |   3 | 1451.3 |
       Ossuary |    402 |    402 |      0 |      0 |    158 |   1 |  402.0 |
        Bailey |    802 |    802 |      0 |    411 |    130 |   1 |  802.0 |
      Ice Cave |    801 |    801 |      0 |    182 |    378 |   1 |  801.0 |
    Desolation |   1138 |   1138 |      0 |      2 |    813 |   1 | 1138.0 |
               +--------+--------+--------+--------+--------+-----+--------+

Top non-repeatable levels by time:
  Lair:5: 3141 daAuts
  Lair:4: 2991 daAuts
    D:11: 2406 daAuts
Vaults:3: 2322 daAuts
   Orc:1: 2322 daAuts
Depths:1: 2306 daAuts
Vaults:2: 1986 daAuts
 Snake:3: 1982 daAuts
 Snake:4: 1899 daAuts
    D:14: 1819 daAuts
 Snake:2: 1775 daAuts
  Lair:2: 1630 daAuts
  Lair:3: 1608 daAuts
   Elf:3: 1580 daAuts
   Elf:1: 1520 daAuts

Table legend:
 A = Non-vault XP
 B = Vault XP
 C = Vault XP percentage of total XP
 D = Non-vault monster count
 E = Vault monster count
 F = Vault count percentage of total count
                 A         B        C        D         E       F
            +---------+---------+-------+---------+---------+-------
      Total |  474798 |  398434 |  45.6 |    1174 |     791 |  40.3
            +---------+---------+-------+---------+---------+-------
        D:1 |      71 |       0 |   0.0 |      26 |       0 |   0.0
        D:2 |     209 |      38 |  15.4 |      27 |       1 |   3.6
        D:3 |     158 |     263 |  62.5 |      25 |       1 |   3.8
        D:4 |     672 |     331 |  33.0 |      22 |       7 |  24.1
        D:5 |     500 |     885 |  63.9 |      15 |       5 |  25.0
        D:6 |    1181 |     743 |  38.6 |      29 |      11 |  27.5
        D:7 |    1272 |     650 |  33.8 |      31 |       4 |  11.4
        D:8 |     785 |    1227 |  61.0 |      11 |       2 |  15.4
        D:9 |    2046 |     401 |  16.4 |      31 |       1 |   3.1
       D:10 |    3517 |     203 |   5.5 |      23 |       1 |   4.2
       D:11 |    4731 |    6067 |  56.2 |      19 |      17 |  47.2
       D:12 |    3879 |    1234 |  24.1 |      21 |      11 |  34.4
       D:13 |    7332 |       0 |   0.0 |      18 |       0 |   0.0
       D:14 |    9749 |   10633 |  52.2 |      18 |      21 |  53.8
       D:15 |   12452 |    6506 |  34.3 |      19 |       8 |  29.6
     Lair:1 |    2261 |     237 |   9.5 |      13 |       2 |  13.3
     Lair:2 |   10746 |    1237 |  10.3 |      26 |       7 |  21.2
     Lair:3 |    7382 |    1024 |  12.2 |      21 |       3 |  12.5
     Lair:4 |   12801 |    3631 |  22.1 |      40 |      10 |  20.0
     Lair:5 |   16451 |   27786 |  62.8 |      53 |      94 |  63.9
   Shoals:1 |   14223 |       0 |   0.0 |      23 |       0 |   0.0
   Shoals:2 |   21648 |       0 |   0.0 |      43 |       0 |   0.0
   Shoals:3 |   21534 |    3392 |  13.6 |      48 |       6 |  11.1
   Shoals:4 |   17194 |   27041 |  61.1 |      38 |      39 |  50.6
    Snake:1 |   13277 |     922 |   6.5 |      25 |       2 |   7.4
    Snake:2 |   15265 |    8077 |  34.6 |      30 |       7 |  18.9
    Snake:3 |   22774 |    7955 |  25.9 |      47 |      10 |  17.5
    Snake:4 |   24035 |   32777 |  57.7 |      46 |      47 |  50.5
      Orc:1 |    4950 |    2791 |  36.1 |      33 |       6 |  15.4
      Orc:2 |    3873 |    8123 |  67.7 |      42 |      64 |  60.4
      Elf:1 |    7140 |   26062 |  78.5 |      13 |      39 |  75.0
      Elf:2 |   16662 |    1662 |   9.1 |      32 |       2 |   5.9
      Elf:3 |   19958 |   46530 |  70.0 |      33 |      43 |  56.6
   Vaults:1 |   14117 |   21692 |  60.6 |      22 |      22 |  50.0
   Vaults:2 |   33652 |   36675 |  52.1 |      44 |      38 |  46.3
   Vaults:3 |   35789 |   21714 |  37.8 |      55 |      28 |  33.7
   Vaults:4 |   16456 |   11190 |  40.5 |      30 |      15 |  33.3
   Depths:1 |   28625 |    7772 |  21.4 |      35 |       8 |  18.6
   Depths:2 |   45431 |     329 |   0.7 |      47 |       1 |   2.1
   Depths:3 |       0 |   27113 | 100.0 |       0 |      29 | 100.0
    Ossuary |       0 |     472 | 100.0 |       0 |      38 | 100.0
     Bailey |       0 |    2322 | 100.0 |       0 |      22 | 100.0
      IceCv |       0 |    4400 | 100.0 |       0 |      48 | 100.0
 Desolation |       0 |   36327 | 100.0 |       0 |      71 | 100.0
            +---------+---------+-------+---------+---------+-------
